 Dungeon Crawl Stone Soup version 0.30.0-19-g36f170ea60 (webtiles) character file.

Game seed: 10682512454709492524

139 bmack86 the Chopper (level 5, -3/45 HPs)
             Began as a Minotaur Fighter on May 30, 2023.
             Slain by an orc
             ... wielding a +0 flail
              (7 damage)
             ... on level 4 of the Dungeon.
             The game lasted 00:05:28 (2504 turns).

bmack86 the Chopper (Minotaur Fighter)              Turns: 2504, Time: 00:05:29

Health: -3/45      AC: 10    Str: 22    XL:     5   Next: 1%
Magic:  4/4        EV:  8    Int:  5    God:
Gold:   149        SH:  0    Dex: 10    Spells: 4/4 levels left

rFire   . . .        a - +0 war axe
rCold   . . .        p - +0 kite shield
rNeg    . . .        b - +0 scale mail
rPois   .            (helmet restricted)
rElec   .            (no cloak)
rCorr   .            (no gloves)
SInv    .            k - +2 pair of boots
Will    .....        (no amulet) Stlth
                     (no ring)
HPRegen 0.27/turn    (no ring)
MPRegen 0.09/turn

%: no passive effects
@: confused
A: horns 2, retaliatory headbutt
a: no special abilities


You were on level 4 of the Dungeon.
You visited 1 branch of the dungeon, and saw 4 of its levels.

You collected 149 gold pieces.

Inventory:

Hand Weapons
 a - a +0 war axe (weapon)
Missiles
 g - 4 javelins
 o - 6 boomerangs (quivered)
Armour
 b - a +0 scale mail (worn)
 c - a +0 buckler
 k - a +2 pair of boots (worn)
 p - a +0 kite shield (worn)
Wands
 e - a wand of roots (13)
 q - a wand of polymorph (13)
Scrolls
 l - a scroll of enchant weapon {unknown}
 m - a scroll of identify {unknown}
 s - a scroll of torment {unknown}
 t - a scroll of teleportation
 u - a scroll of enchant armour {unknown}
Potions
 d - a potion of might
 f - a potion of magic {unknown}
 h - 3 potions of degeneration {unknown}
 i - 4 potions of curing {unknown}
 j - a potion of invisibility {unknown}
 n - a potion of lignification {unknown}
 r - a potion of heal wounds {unknown}


   Skills:
 - Level 3.6 Fighting
 + Level 6.3 Axes
 - Level 3.6 Armour
 - Level 3.6 Shields


You had 4 spell levels left.
You didn't know any spells.
Your spell library was empty.

Dungeon Overview and Level Annotations

Branches:
Dungeon (4/15)
 Temple: D:4-7

Altars:
Zin
The Shining One

Annotations:
D:4 Sigmund


Innate Abilities, Weirdness & Mutations

You have a pair of horns on your head.
You reflexively headbutt those who attack you in melee.


Message History

The ball python grabs you. The ball python constricts you.
An orc comes into view. It is wielding a +0 dagger.
Sigmund casts a spell at you.
The puff of flame hits you but does no damage.
You escape the ball python's grasp.
Sigmund casts a spell.
Sigmund flickers and vanishes!
Deactivating autopickup; reactivate with Ctrl-A.
There is a stone staircase leading up here.
The ball python bites you but does no damage.
The ball python barely misses you. You block the orc wizard's attack.
You block the orc's attack.
The ball python bites you but does no damage.
The ball python grabs you.
You stop ascending the stairs.
The ball python constricts you.
Unknown command.
The ball python's grasp on you weakens, but your attempt to escape fails.
The ball python bites you but does no damage.
The ball python constricts you.
The orc wizard gestures at you while chanting.
You are confused.
The orc hits you from afar with a +0 trident.
Something hits you!
You barely miss the orc wizard. You slash the ball python!
You kill the ball python!
You barely miss the orc.
The orc hits you from afar with a +0 trident.
The orc wizard hits you but does no damage.
Something hits you!
* * * LOW HITPOINT WARNING * * *
The orc wizard points at you and mumbles some strange words.
You are more confused.
The orc closely misses you. The orc barely misses you.
In your confused state, you trip and fall back down the stairs.
* * * LOW HITPOINT WARNING * * *
The orc wizard barely misses you. The orc closely misses you.
Something hits you!
* * * LOW HITPOINT WARNING * * *
The orc closely misses you. The orc hits you with a +0 flail!
You die...

#....# #....# #._..#
#....# .####....#####
##...#
......#..)...#######...#
#####....).............#
#.......######........##
.........## #######.##
......†...# #.#
.....{o@o.# #.#
.......o...# #.#
.......o....# #.#
............# ##.#
...........## #.†#
..........## #.##
.........## ##.#
........## ##..##
##....##


You could see an orc wizard and 3 orcs.

Vanquished Creatures
  Terence (D:2)
  5 adders
  A worm (D:3)
  7 endoplasms
  A giant cockroach (D:3)
  6 goblins
  10 hobgoblins
  3 jackals (D:3)
  7 kobolds
  2 quokkas (D:3)
  5 ball pythons
  6 bats
  5 frilled lizards
  6 rats (D:1)
65 creatures vanquished.

Notes
Turn   | Place    | Note
-------+----------+-------------------------------------------
     0 | D:1      | bmack86 the Minotaur Fighter began the quest for the Orb.
     0 | D:1      | Reached XP level 1. HP: 19/19 MP: 0/0
    59 | D:1      | Reached skill level 3 in Axes
   122 | D:1      | Reached XP level 2. HP: 26/26 MP: 1/1
   201 | D:1      | Found a faded altar of an unknown god.
   521 | D:1      | Reached skill level 4 in Axes
   942 | D:2      | Reached XP level 3. HP: 31/31 MP: 2/2
  1111 | D:2      | Noticed Terence
  1117 | D:2      | Killed Terence
  1118 | D:2      | Reached skill level 5 in Axes
  1182 | D:2      | Reached XP level 4. HP: 39/39 MP: 3/3
  1885 | D:3      | Reached skill level 6 in Axes
  2177 | D:3      | Found a glowing silver altar of Zin.
  2443 | D:4      | Found a glowing golden altar of the Shining One.
  2450 | D:4      | Reached XP level 5. HP: 37/45 MP: 4/4
  2494 | D:4      | Noticed Sigmund
  2504 | D:4      | Slain by an orc

Illustrated notes

Levels and vault maps discovered:
D:1:      amcnicky_arrival_double_pillar, layout_loops_cross,
          shapermc_ecumenical_altar_petra, minmay_tromino_i2
D:2:      layout_loops_corners, uniq_terence
D:3:      minmay_general_purpose_star, layout_rooms, zin_academy
D:4:      layout_cave_pods, mainiacjoe_overflow_tiny_flanked,
          okawaru_metal_pillars_1_2, serial_shops, shop,
          uniq_crazy_yiuf_cottage, uniq_sigmund

Skill      XL: |  1  2  3  4 |
---------------+-------------+-----
Axes           | 3 4 5 6 |  6.3
Fighting       | |  3.6
Armour         | |  3.6
Shields        | |  3.6

Action                     |  1- 3 |  4- 6 || total
---------------------------+-------+-------++-------
  Melee: War axe           |    65 |    53 ||   118
         Headbutt          |     7 |     5 ||    12
    Use: Scroll            |       |     2 ||     2
 Armour: Scale mail        |    21 |    41 ||    62
  Dodge: Dodged            |    35 |    29 ||    64
  Block: Buckler           |    12 |     1 ||    13
         Kite shield       |       |    28 ||    28
